 Dungeon Crawl Stone Soup version 0.23-a0-241-g3b46b07 (console) character file.

2323 nht the Martial Artist (level 9, 0/53 HPs)
             Began as an Octopode Transmuter on Sept 26, 2018.
             Was an Initiate of Gozag.
             Slain by a sky beast (3 damage)
             ... on level 6 of the Dungeon.
             The game lasted 00:16:20 (5261 turns).

nht the Martial Artist (Octopode Transmuter)        Turns: 5261, Time: 00:16:20

Health: 0/53       AC:  1    Str: 11    XL:     9   Next: 42%
Magic:  0/21       EV: 13    Int: 19    God:    Gozag
Gold:   129        SH:  0    Dex: 12    Spells: 3/12 levels left

rFire    . . .     SeeInvis .     - Unarmed
rCold    . . .     Gourm    .   (no shield)
rNeg     . . .     Faith    .   (helmet restricted)
rPois    .         Spirit   +   j - amulet of guardian spirit
rElec    .         Reflect  .   l - ring of magical power
rCorr    .         Harm     .   e - +2 ring of strength
MR       .....                  p - ring of stealth
Stlth    +++.......             (no ring)
HPRegen  0.17/turn              (no ring)
MPRegen  0.17/turn              (no ring)
                                (no ring)
                                (no ring)

@: gold aura, hasted, very quick
A: almost no armour, stealthy swim, amphibious, 8 rings, constrict 8, camouflage
1, gelatinous body 1
a: Potion Petition, Call Merchant, Bribe Branch, Renounce Religion


You were on level 6 of the Dungeon.
You worshipped Gozag.
Gozag was aware of your devotion.
You were near starving.

You visited 2 branches of the dungeon, and saw 7 of its levels.

You collected 562 gold pieces.
You spent 364 gold pieces at shops.
You paid 69 gold pieces to Gozag.

Inventory:

Missiles
 a - 99 arrows
 b - 18 tomahawks (quivered)
 h - 8 javelins
Magical Staves
 m - an uncursed staff of power
 t - an uncursed staff of death
Jewellery
 e - a +2 ring of strength (right tentacle)
 j - an amulet of guardian spirit (around mantle)
 l - a ring of magical power (left tentacle)
 p - a ring of stealth (on tentacle)
Wands
 r - a wand of polymorph (8)
Scrolls
 d - 4 scrolls of teleportation
 f - a scroll of remove curse
 g - 3 scrolls of magic mapping
 i - 5 scrolls of fear
 k - 2 scrolls of enchant armour
 q - a scroll of fog
 w - a scroll of identify
Potions
 n - 2 potions of brilliance
 o - a potion of invisibility {unknown}
 s - a potion of agility
 u - a potion of lignification
 v - a potion of degeneration {unknown}
 x - 3 potions of heal wounds
 z - a potion of curing
 A - a potion of resistance
Comestibles
 c - 8 rations


   Skills:
 - Level 1.0 Fighting
 - Level 2.0 Dodging
 * Level 10.4 Unarmed Combat
 - Level 2.0 Spellcasting
 + Level 7.3 Transmutations


You had 3 spell levels left.
You knew the following spells:

 Your Spells              Type           Power        Failure   Level  Hunger
a - Beastly Appendage     Tmut           ####..       1%          1    #......
b - Spider Form           Tmut/Pois      ###.......   11%         3    ###....
c - Blade Hands           Tmut           ####......   22%         5    ######.

Your spell library contained the following spells:

 Spells                   Type           Power        Failure   Level  Hunger
 Sticks to Snakes         Tmut           ####....     1%          2    ###....
 Freeze                   Ice            #...         17%         1    #......
 Throw Frost              Conj/Ice       #.....       26%         2    ###....
 Ozocubu's Armour         Chrm/Ice       #.......     45%         3    ###....
 Ice Form                 Ice/Tmut       ###.....     36%         4    #####..
 Summon Ice Beast         Ice/Summ       #.......     86%         4    #####..
 Throw Icicle             Conj/Ice       #.......     86%         4    #####..


Dungeon Overview and Level Annotations

Branches:
Dungeon (6/15)             Temple (1/1) D:5

Altars:
Ashenzari
Cheibriados
Dithmenos
Elyvilon
Fedhas
Gozag
Hepliaklqana
Kikubaaqudgha
Makhleb
Nemelex Xobeh
Okawaru
Ru
Sif Muna
Uskayaw
Vehumet
Wu Jian
Xom
Zin
The Shining One

Shops:
D:6 !


Innate Abilities, Weirdness & Mutations

You cannot wear most types of armour.
You are very stealthy in the water. (Stealth+)
You are amphibious.
You can wear up to eight rings at the same time.
You can use your tentacles to constrict eight enemies at once.
Your skin changes colour to match your surroundings (Stealth+).
Your rubbery body absorbs attacks. (AC +1, EV +1)


Message History

The bullfrog skeleton hits you. Something hits you.
* * * LOW HITPOINT WARNING * * *
Something shocks you.
* * * LOW HITPOINT WARNING * * *
The bullfrog skeleton is distracted by the nearby gold.
You miss something. Your squeeze misses something. Something hits you.
* * * LOW HITPOINT WARNING * * *
Something shocks you.
* * * LOW HITPOINT WARNING * * *
You bludgeon the bullfrog skeleton!
The bullfrog skeleton is no longer distracted by gold.
You grab the bullfrog skeleton. You squeeze the bullfrog skeleton!
The bullfrog skeleton is almost destroyed.
You constrict the bullfrog skeleton. The bullfrog skeleton hits you.
* * * LOW HITPOINT WARNING * * *
You bludgeon the bullfrog skeleton!
You destroy the bullfrog skeleton!
Something hits you.
You die...
Your body crumbles into a pile of gold. ██...██ ██.....██ ██.......██ ██████

██████████.........█ P♣...█
█...............≈≈.█ ..PP..██
█.█████████████≈≈≈.█ .......██
█.'≈........██≈≈≈.███
..P.P♣..█████.'.{......██≈≈≈███..
.♣≈...♣.......█.@≈....██≈≈≈██...█
.≈≈≈.......█..█[$$$..██≈≈≈███....
♣♣≈≈)))...███.█.....██≈≈≈██.█....
.≈≈≈♣≈P....█..█....██≈≈≈██..█████
.≈♣≈≈.P.......█...██≈≈≈██...█ █.
..≈.≈≈........█..██≈≈≈██....█ █.
..♣♣♣♣........█.██≈≈≈██.....█ █.
.P....>.......███≈≈≈██..?r..█ █≈
....♣.█.......██≈≈≈██....(..█ █≈


There were no monsters in sight!

Vanquished Creatures
  Grinder (D:3)
  Sigmund (D:2)
  A steam dragon (D:6)
  Menkaure (D:6)
  An ice beast (D:6)
  A sky beast (D:5)
  A swamp drake (D:6)
  A phantom (D:5)
  A centaur (D:6)
  An ogre (D:5)
  A tengu (D:6)
  Blork the orc (D:4)
  A bullfrog (D:4)
  2 howler monkeys
  A crimson imp (D:5)
  6 orc priests
  3 hounds (D:4)
  Crazy Yiuf (D:2)
  5 orc wizards
  A bullfrog skeleton (D:6)
  Natasha (twice) (D:2)
  4 worker ants
  2 hound skeletons
  A worker ant zombie (D:6)
  9 adders
  3 gnolls (D:3)
  A shadow imp (D:6)
  An ooze (D:4)
  An adder zombie (D:6)
  2 adder skeletons
  3 worms
  3 dart slugs
  4 leopard geckos
  24 orcs
  A ball python (D:4)
  7 bats
  2 giant cockroaches
  9 goblins
  2 hobgoblins
  7 jackals
  2 kobolds
  A quokka (D:3)
  3 frilled lizards
  A jackal skeleton (D:4)
  2 leopard gecko zombies
  A quokka skeleton (D:4)
  2 rats (D:1)
  A fungus (D:2)
133 creatures vanquished.

Vanquished Creatures (others)
  A fungus (D:6)
1 creature vanquished.

Grand Total: 134 creatures vanquished

Notes
Turn   | Place    | Note
-------+----------+-------------------------------------------
     0 | D:1      | nht the Octopode Transmuter began the quest for the Orb.
     0 | D:1      | Reached XP level 1. HP: 13/13 MP: 3/3
   326 | D:1      | Reached XP level 2. HP: 18/18 MP: 1/5
   842 | D:2      | Reached XP level 3. HP: 18/23 MP: 6/6
   882 | D:2      | Found a hazy altar of Hepliaklqana.
   972 | D:2      | Reached skill level 4 in Unarmed Combat
  1186 | D:2      | Noticed Sigmund
  1186 | D:2      | Noticed Natasha
  1661 | D:3      | Reached XP level 4. HP: 28/28 MP: 7/7
  1871 | D:3      | Reached XP level 5. HP: 13/33 MP: 1/8
  1897 | D:3      | Found a radiant altar of Vehumet.
  1909 | D:3      | Learned a level 3 spell: Spider Form
  1952 | D:3      | Noticed Grinder
  1964 | D:3      | Reached skill level 5 in Unarmed Combat
  1989 | D:3      | You fall through a shaft!
  2005 | D:4      | HP: 1/33 [hound (3)]
  2014 | D:4      | Reached XP level 6. HP: 15/38 MP: 9/9
  2127 | D:4      | Reached skill level 6 in Unarmed Combat
  2148 | D:4      | Found a burning altar of Makhleb.
  2434 | D:4      | Noticed Blork the orc
  2438 | D:4      | Killed Blork the orc
  2438 | D:4      | Reached XP level 7. HP: 36/43 MP: 10/10
  2781 | D:3      | Found an ancient bone altar of Kikubaaqudgha.
  2781 | D:3      | Found a shattered altar of Ashenzari.
  2781 | D:3      | Found a blossoming altar of Fedhas.
  2781 | D:3      | Found a white marble altar of Elyvilon.
  2933 | D:2      | Killed Natasha
  2934 | D:2      | Killed Sigmund
  2934 | D:2      | Reached skill level 7 in Unarmed Combat
  2934 | D:2      | Reached skill level 5 in Transmutations
  2991 | D:2      | Found a runed door.
  2995 | D:2      | Noticed Crazy Yiuf
  3000 | D:2      | Killed Crazy Yiuf
  3065 | D:2      | Noticed Natasha
  3073 | D:2      | Killed Natasha
  3131 | D:3      | Paralysed by Grinder for 3 turns
  3141 | D:3      | Paralysed by Grinder for 4 turns
  3150 | D:3      | Paralysed by Grinder for 5 turns
  3157 | D:3      | Killed Grinder
  3157 | D:3      | Reached skill level 8 in Unarmed Combat
  3157 | D:3      | Reached XP level 8. HP: 37/48 MP: 5/11
  3400 | D:5      | Entered Level 5 of the Dungeon
  3464 | D:5      | Found a snail-covered altar of Cheibriados.
  3534 | D:5      | Found a staircase to the Ecumenical Temple.
  3546 | Temple   | Entered the Ecumenical Temple
  3778 | Temple   | Became a worshipper of Gozag Ym Sagoz the Greedy
  4089 | D:5      | Reached skill level 9 in Unarmed Combat
  4434 | D:6      | Found a sacrificial altar of Ru.
  4502 | D:6      | Noticed Menkaure
  4509 | D:6      | Killed Menkaure
  4514 | D:6      | Reached XP level 9. HP: 39/53 MP: 12/12
  4698 | D:6      | Reached skill level 10 in Unarmed Combat
  4793 | D:6      | Found Uklaerunuk's Distillery.
  4937 | D:6      | Learned a level 5 spell: Blade Hands
  5197 | D:6      | Bought 2 potions of heal wounds for 130 gold pieces
  5197 | D:6      | Bought a potion of curing for 39 gold pieces
  5197 | D:6      | Bought a potion of heal wounds for 65 gold pieces
  5197 | D:6      | Bought a potion of resistance for 130 gold pieces
  5260 | D:6      | HP: 2/53 [bullfrog skeleton (1)]
  5261 | D:6      | Slain by a sky beast

Vault maps used:
D:1:      evilmike_arrival_crescent, kennysheep_another_room,
          minmay_misc_feat_rows
D:2:      lemuel_coloured_pillars_altar, minmay_heptomino_w4,
          uniq_crazy_yiuf_cottage, uniq_sigmund, uniq_natasha
D:3:      lemuel_crystal_altar, nicolae_overflow_hidden_temple, uniq_grinder
D:4:      wad_crossroads, makhleb_heckhound_becter, uniq_blork_the_orc
D:5:      cheibriados_altar_1, minmay_temple_entry_junction, first_ration
D:6:      kennysheep_steamy, nicolae_ru_awakened_eye, serial_shops,
          nicolae_shop_window_shopping, serial_bayou_pond_a,
          nrook_pool_corridor, kennysheep_opposing_triangles, uniq_menkaure
Temple:   dpeg_chambers_temple

Skill      XL: |  1  2  3  4  5  6  7  8  9 |
---------------+----------------------------+-----
Unarmed Combat | 4 5 6 8 9 10 | 10.4
Transmutations | 3 4 5 6 7 |  7.3
Fighting       | |  1.0
Dodging        | |  2.0
Spellcasting   | |  2.0

Action                   |  1- 3 |  4- 6 |  7- 9 || total
-------------------------+-------+-------+-------++-------
Melee: Unarmed           |    71 |    83 |   159 ||   313
       Constrict         |    15 |    25 |    27 ||    67
       Kick              |    11 |    10 |       ||    21
       Tentacles         |    12 |    17 |    24 ||    53
       Punch             |     1 |     2 |     9 ||    12
Throw: Tomahawk          |       |       |     2 ||     2
 Cast: Beastly Appendage |    26 |     9 |       ||    35
       Spider Form       |       |       |     4 ||     4
       Blade Hands       |       |       |     1 ||     1
Invok: Potion Petition   |       |       |     1 ||     1
Evoke: Wand              |       |     6 |    16 ||    22
  Use: Scroll            |       |    10 |     1 ||    11
       Potion            |       |     6 |     3 ||     9
 Stab: Sleeping          |     7 |     2 |    11 ||    20
  Eat: Chunk             |     3 |     3 |     4 ||    10
       Ration            |       |       |     1 ||     1
Armor: Skin              |     4 |     1 |     3 ||     8
Dodge: Dodged            |    53 |    54 |    55 ||   162

Table legend:
 A = Non-vault XP
 B = Vault XP
 C = Vault XP percentage of total XP
 D = Non-vault monster count
 E = Vault monster count
 F = Vault count percentage of total count
                 A         B        C        D         E       F
            +---------+---------+-------+---------+---------+-------
      Total |    2206 |    1113 |  33.5 |     116 |      16 |  12.1
            +---------+---------+-------+---------+---------+-------
        D:1 |      30 |       0 |   0.0 |      16 |       0 |   0.0
        D:2 |      73 |     325 |  81.7 |      12 |       6 |  33.3
        D:3 |     253 |     254 |  50.1 |      31 |       1 |   3.1
        D:4 |     274 |     166 |  37.7 |      13 |       6 |  31.6
        D:5 |     602 |       0 |   0.0 |      13 |       0 |   0.0
        D:6 |     974 |     368 |  27.4 |      31 |       3 |   8.8
            +---------+---------+-------+---------+---------+-------
